 Dungeon Crawl Stone Soup version 0.31-a0-150-g89dc3ad700 (webtiles) character file.

Game seed: 10134521746610780880

49 pokeman the Magician (level 3, -7/20 HPs)
             Began as a Deep Elf Hedge Wizard on June 8, 2023.
             Killed by divine providence
             ... invoked by an orc priest
              (13 damage)
             ... on level 3 of the Dungeon.
             The game lasted 00:04:05 (2482 turns).

pokeman the Magician (Deep Elf Hedge Wizard)        Turns: 2482, Time: 00:04:06

Health: -7/20      AC:  3    Str:  7    XL:     3   Next: 53%
Magic:  1/11       EV: 12    Int: 20    God:
Gold:   111        SH:  0    Dex: 14    Spells: 4/12 levels left

rFire   . . .        a - +0 dagger
rCold   . . .        (no shield)
rNeg    . . .        b - +0 robe
rPois   .            e - +0 helmet
rElec   .            (no cloak)
rCorr   .            (no gloves)
SInv    .            (no boots)
Will    .....        (no amulet)
Stlth   ++           (no ring)
HPRegen 0.23/turn    (no ring)
MPRegen 0.12/turn

%: no passive effects
@: very slightly contaminated
A: no striking features
a: no special abilities


You were on level 3 of the Dungeon.
You visited 1 branch of the dungeon, and saw 3 of its levels.

You collected 111 gold pieces.

Inventory:

Hand Weapons
 a - a +0 dagger (weapon)
Armour
 b - a +0 robe (worn)
 e - a +0 helmet (worn)
Scrolls
 c - a scroll of vulnerability {unknown}
 h - 2 scrolls of identify {unknown}
 i - a scroll of fog {unknown}
 j - a scroll of teleportation {unknown}
 k - a scroll of blinking {unknown}
 m - 3 scrolls of enchant weapon {unknown}
 o - a scroll of poison {unknown}
Potions
 d - a potion of magic
 f - a potion of curing
 g - a potion of attraction {unknown}
 l - a potion of enlightenment {unknown}
 n - a potion of heal wounds {unknown}
 p - a potion of resistance {unknown}
 q - a potion of might {unknown}
 r - a potion of brilliance {unknown}


   Skills:
 - Level 1.0 Fighting
 - Level 1.0 Armour
 + Level 2.4 Dodging
 + Level 2.4 Stealth
 * Level 5.2 Spellcasting
 + Level 2.0 Conjurations
 - Level 1.1 Summonings
 - Level 1.1 Translocations


You had 4 spell levels left.
You knew the following spells:

 Your Spells              Type           Power      Damage    Failure   Level
a - Magic Dart            Conj           52%        1d5       4%          1
b - Mephitic Cloud        Conj/Pois/Air  7%         N/A       26%         3
c - Call Imp              Summ           18%        N/A       11%         2
d - Blink                 Tloc           18%        N/A       11%         2

Your spell library contained the following spells:

 Spells                   Type           Power      Damage    Failure   Level
 Slow                     Hex            20%        N/A       12%         1
 Cigotuvi's Dreadful Rot  Necr/Pois/Air  10%        N/A       17%         2
 Ignite Poison            Fire/Tmut/Pois 5%         N/A       34%         3
 Sticky Flame             Conj/Fire      9%         2d3       58%         4
 Ignition                 Fire           2%         3d3       100%        8


Dungeon Overview and Level Annotations

Branches:
Dungeon (3/15)

Altars:
Makhleb

Portals:
Sewer: D:3


Message History

* * * LOW HITPOINT WARNING * * *
You are lethally poisoned!
The adder poisons you!
Your cerulean imp hits the adder from afar with a -4 spear.
You swap places.
* * * LOW HITPOINT WARNING * * *
You feel sick. The adder bites your cerulean imp.
Your cerulean imp misses the adder.
Unknown command.
It was a potion of curing.
You feel better. The adder bites your cerulean imp.
Your cerulean imp dies!
Your cerulean imp disappears in a puff of smoke!
Casting: Call Imp (safe; 11% risk of failure)
Confirm with . or Enter, or press ? or * to list all spells.
Aiming: Magic Dart (safe; 5% risk of failure)
Press: ? - help, Shift-Dir - straight line, f - adder
Aim: an adder (heavily wounded, 100% to hit)
The magic dart hits the adder.
You kill the adder!
Your Fighting skill increases to level 1!
Your Armour skill increases to level 1!
Your Conjurations skill increases to level 2!
Unknown command.
Unknown command.
The orc priest shouts!
The orc priest invokes the aid of Beogh against you.
Beogh smites you!
Ouch! That really hurt!
* * * LOW HITPOINT WARNING * * *
There is an open door here.
You close the door.
An orc breaks down the door.
Casting: Magic Dart (safe; 4% risk of failure)
Confirm with . or Enter, or press ? or * to list all spells.
You miscast Call Imp.
You are very lightly contaminated with residual magic.
Nothing appears to happen.
The orc priest invokes the aid of Beogh against you.
Beogh smites you!
Ouch! That really hurt!
You die...

∩~ ####≈._..'....# #.# ##
#.#§≈...≈#≈##.## ##.######
#.##≈...§#§##.)###.......#
#.##≈≈≈≈§#≈###..##.......#
#######.###⌠#⌠##§#
##.##.......#
.........##### ≈§#
#.##.......# ###.##......#
### #..........#
....##...o..#######
#..........#
..........ow'oo.@.#
#..........#
...###......#####.#
#...†......##
...+)..#...## #.#
#....†....... ...###.#.#.#
#.# #............ ...#
#.#<..# #.# #####.####..
...###...########.# #.#
...##..[.....$.w..# ###.#
#.##....####..# #...#
#..+....# #..## ##.###


You could see a worm, an orc priest, an orc wizard and 2 orcs.

Vanquished Creatures
  An adder (D:3)
  A worm (D:2)
  An orc (D:3)
  An endoplasm (D:1)
  2 giant cockroaches (D:1)
  6 goblins
  2 hobgoblins
  2 jackals (D:1)
  A quokka (D:1)
  4 ball pythons
  3 bats
  A frilled lizard (D:2)
  4 kobolds
  5 rats
34 creatures vanquished.

Notes
Turn   | Place    | Note
-------+----------+-------------------------------------------
     0 | D:1      | pokeman the Deep Elf Hedge Wizard began the quest for the
                  | Orb.
     0 | D:1      | Reached XP level 1. HP: 10/10 MP: 7/7
   909 | D:1      | Reached XP level 2. HP: 15/16 MP: 2/9
  1761 | D:2      | Reached skill level 5 in Spellcasting
  2078 | D:2      | Reached XP level 3. HP: 20/20 MP: 8/11
  2082 | D:2      | Learned a level 3 spell: Mephitic Cloud
  2085 | D:2      | Learned a level 2 spell: Call Imp
  2088 | D:2      | Learned a level 2 spell: Blink
  2188 | D:2      | Found a faded altar of an unknown god.
  2315 | D:3      | Found a burning altar of Makhleb.
  2425 | D:3      | Found a glowing drain.
  2460 | D:3      | Reached skill level 1 in Fighting
  2460 | D:3      | Reached skill level 1 in Armour
  2482 | D:3      | Killed from afar by an orc priest

Illustrated notes

Levels and vault maps discovered:
D:1:      dpeg_arrival_oval, layout_loops_corners, minivault_5,
          kennysheep_another_room
D:2:      layout_rooms, ebering_ecumenical_altar_hall, nrook_campfire,
          kennysheep_generic_room_9
D:3:      layout_basic, lightli_temple_of_fire, portal_sewer_entry_d,
          grunt_ministairs_2, uniq_natasha

Skill      XL: |  1  2  3 |
---------------+----------+-----
Spellcasting   | 5 |  5.2
Fighting       | 1 |  1.0
Armour         | 1 |  1.0
Conjurations   | 2 |  2.0
Dodging        | |  2.4
Stealth        | |  2.4
Summonings     | |  1.1
Translocations | |  1.1

Action                     || total
---------------------------++-------
  Melee: Dagger            ||    31
   Cast: Magic Dart        ||    85
         Call Imp          ||     2
         Mephitic Cloud    ||     1
         Blink             ||     1
    Use: Potion            ||     1
 Armour: Robe              ||    15
  Dodge: Dodged            ||    37

Table legend: (Time is in decaauts)
 A = Elapsed time spent in this place.
 B = Non-inter-level travel time spent in this place.
 C = Inter-level travel time spent in this place.
 D = Time resting spent in this place.
 E = Time spent auto-exploring this place.
 F = Levels seen in this place.
 G = Mean time per level.
                   A        B        C        D        E       F      G
               +--------+--------+--------+--------+--------+-----+--------+
         Total |   2482 |   2414 |     68 |      0 |   2017 |   3 |  827.3 |
       Dungeon |   2482 |   2414 |     68 |      0 |   2017 |   3 |  827.3 |
               +--------+--------+--------+--------+--------+-----+--------+

Top non-repeatable levels by time:
     D:1: 1480 daAuts
     D:2: 763 daAuts
     D:3: 238 daAuts
